 Dungeon Crawl Stone Soup version 0.22.1-1-ga44c0e56f4 (webtiles) character file.

44 keeners the Ruffian (level 3, -2/36 HPs)
             Began as a Troll Berserker on Nov 9, 2018.
             Was a Follower of Trog.
             Slain by a gnoll
             ... wielding a +0 spear
              (3 damage)
             ... on level 2 of the Dungeon.
             The game lasted 00:05:53 (816 turns).

keeners the Ruffian (Troll Berserker)                Turns: 816, Time: 00:05:53

Health: -2/36      AC:  5    Str: 26    XL:     3   Next: 39%
Magic:  2/2        EV: 10    Int:  3    God:    Trog [*.....]
Gold:   17         SH:  0    Dex:  9    Spells: 2/2 levels left

rFire    . . .     SeeInvis .     - Unarmed
rCold    . . .     Gourm    +   (no shield)
rNeg     . . .     Faith    .   a - +0 animal skin
rPois    .         Spirit   .   (helmet restricted)
rElec    .         Reflect  .   (no cloak)
rCorr    .         Harm     .   (gloves unavailable)
MR       +....                  (boots unavailable)
Stlth    +.........             (no amulet)
HPRegen  0.52/turn              f - ring of protection from magic
MPRegen  0.08/turn              (no ring)

@: no status effects
A: large, unfitting armour, claws 3, fast metabolism 3, gourmand, regeneration
1, shaggy fur 1, tough skin 2
a: Berserk, Renounce Religion


You were on level 2 of the Dungeon.
You worshipped Trog.
Trog was aware of your devotion.
You were full.

You visited 1 branch of the dungeon, and saw 2 of its levels.

You collected 17 gold pieces.

Inventory:

Armour
 a - a +0 animal skin (worn)
Jewellery
 f - a ring of protection from magic (left claw)
Scrolls
 c - 2 scrolls of identify {unknown}
 e - a scroll of fear {unknown}
 h - 2 scrolls of amnesia {unknown}
 j - a scroll of remove curse {unknown}
Potions
 d - a potion of curing {unknown}
 g - a potion of degeneration {unknown}
 i - a potion of flight {unknown}
Comestibles
 b - 4 rations


   Skills:
 + Level 2.9 Fighting
 + Level 2.7 Dodging
 * Level 3.7 Unarmed Combat


You had 2 spell levels left.
You didn't know any spells.
Your spell library was empty.

Dungeon Overview and Level Annotations

Branches:
Dungeon (2/15)

Altars:
Ashenzari
Fedhas
Makhleb
Vehumet
The Shining One


Innate Abilities, Weirdness & Mutations

You are too large for most types of armour.
You have claws for hands.
Your metabolism is lightning-fast.
You like to eat raw meat.
Your natural rate of healing is unusually fast.
You are covered in fur. (AC +1)
You have very tough skin. (AC +2)


Message History

You claw the gnoll!
You kill the gnoll!
Trog accepts your kill.
You have reached level 3!
Your experience leads to an increase in your attributes!
Increase (S)trength, (I)ntelligence, or (D)exterity?
You feel stronger. x2
The gnoll hits you but does no damage. The gnoll closely misses you.
You barely miss the gnoll. The gnoll closely misses you.
The gnoll hits you with a halberd.
You claw the gnoll!
The gnoll is severely wounded.
The gnoll hits you. The gnoll barely misses you.
The gnoll hits you with a halberd!
* * * LOW HITPOINT WARNING * * *
You barely miss the gnoll. You claw the gnoll.
You kill the gnoll!
Trog accepts your kill.
The gnoll hits you from afar with a spear.
You die...

.........._...#.....#
###.###.........#÷#....
#.................#....
#.#.#.._..♣.._)#..#....
#...............#....
#.#####._..._..#..#....
#..............#..#....
######.g.......#..#
#@##.#..#.##.#
#(##.#..#.# .#
.g##....#.#
...####..#.# ....' #..#
.....# #..# ......#
#### #......#


You could see 2 gnolls.

Vanquished Creatures
  2 gnolls (D:2)
  An ooze (D:1)
  2 leopard geckos
  A giant cockroach (D:1)
  5 goblins
  2 bats
  3 kobolds (D:1)
  5 rats
  4 plants (D:1)
25 creatures vanquished.

Notes
Turn   | Place    | Note
-------+----------+-------------------------------------------
     0 | D:1      | keeners the Troll Berserker began the quest for the Orb.
     0 | D:1      | Reached XP level 1. HP: 22/22 MP: 0/0
   145 | D:1      | Reached XP level 2. HP: 29/29 MP: 1/1
   756 | D:2      | Found a burning altar of Makhleb.
   759 | D:2      | Found a shattered altar of Ashenzari.
   762 | D:2      | Found a blossoming altar of Fedhas.
   763 | D:2      | Found a glowing golden altar of the Shining One.
   764 | D:2      | Found a radiant altar of Vehumet.
   811 | D:2      | Reached XP level 3. HP: 26/36 MP: 2/2
   815 | D:2      | HP: 1/36 [gnoll/halberd (17)]
   816 | D:2      | Slain by a gnoll

Action                   || total
-------------------------++-------
Melee: Unarmed           ||    97
       Punch             ||     2
  Eat: Chunk             ||     9
Armor: Animal skin       ||    20
Dodge: Dodged            ||    26
